Map: Mist Opportunities

Players

wasp

  • Race: Protoss Protoss

larsgj

  • Race: Terran Terran

VOD

Have the link to the VOD?

Description

Time

  • Played on: Oct. 19, 2018, 10:09 a.m.
  • Length: 30:19
Show
View Real Time Build Order
Export as new Build Order

wasp Protoss 

Build Orders:  

Get SALT Encoding   

    0:00  Probe x12 (Chrono Boost)  
    0:09  Unknown x2  
  12  0:29  Pylon  
  12  0:43  Pylon  
  12  0:57  Gateway  
  12  1:16  Assimilator  
  12  1:19  Assimilator  
  12  1:52  Probe (Chrono Boost)  
  13  2:06  Probe (Chrono Boost)  
  14  2:20  Probe (Chrono Boost)  
  15  2:34  Probe (Chrono Boost)  
  16  2:41  Zealot x2  
  16  2:48  Probe (Chrono Boost)  
  21  2:59  Cybernetics Core  
  21  3:15  Forge  
  21  3:44  Pylon  
  21  4:01  Stargate  
  21  4:15  Twilight Council  
  21  4:39  Robotics Facility  
  21  5:03  Zealot  
  21  5:06  Zealot  
  25  5:37  Zealot  
  25  5:38  Zealot  
  29  6:41  Fleet Beacon  
  29  7:02  Robotics Bay  
  29  7:09  Zealot  
  31  7:46  Tempest  
  35  8:24  Tempest  
  25  9:49  Tempest x2  
  33  11:02  Stargate, Tempest  
  37  12:15  Pylon  
  37  13:31  Tempest x2  
  45  13:50  Pylon  
  45  14:09  Pylon  
  45  14:17  Pylon  
  45  14:23  Pylon  
  45  14:29  Pylon  
  45  14:49  Tempest  
  49  16:59  Tempest  
  53  17:00  Tempest x2  
  61  17:34  Pylon  
  61  17:45  Pylon  
  61  18:00  Pylon  
  61  18:08  Pylon  
  61  18:16  Pylon  
  61  19:59  Tempest  
  65  20:00  Tempest  
  69  21:52  Tempest x2  
  77  22:01  Tempest  
  81  23:04  Tempest  
  85  23:22  Tempest  
  89  24:07  Tempest  
  93  27:21  Tempest x3  
  93  27:27  Tempest  
Show
View Real Time Build Order
Export as new Build Order

larsgj Terran 

Build Orders:  

Get SALT Encoding   

    0:00  Orbital Command, SCV x12  
    0:09  Unknown  
  12  0:12  SCV  
  13  0:28  Supply Depot  
  13  0:35  SCV  
  14  0:52  SCV  
  15  1:05  Barracks  
  15  1:09  SCV  
  16  2:14  SCV  
  16  2:15  Refinery  
  17  2:25  Marine, Supply Depot  
  18  2:31  SCV  
  18  2:35  Marine  
  20  2:41  Supply Depot  
  20  2:45  Marine  
  20  2:48  SCV  
  22  2:50  Refinery  
  22  2:56  Marine  
  23  3:05  SCV  
  23  3:06  Marine  
  25  3:22  SCV  
  26  3:39  SCV  
  27  3:42  Barracks Tech Lab  
  27  3:55  SCV  
  28  4:01  Engineering Bay  
  28  4:23  Marine  
  28  4:28  Barracks  
  29  4:34  Marine  
  29  4:39  Orbital Command  
  30  4:44  Marine  
  31  4:54  Medic  
  33  5:04  Medic  
  35  5:12  Marine  
  35  5:14  Marine  
  37  5:22  Marine  
  37  5:25  Marine  
  39  5:51  Marine, Medic, Supply Depot  
  39  5:54  Supply Depot  
  39  5:56  Supply Depot  
  42  6:01  Marine, Medic  
  45  6:12  Marine x2  
  47  6:21  Supply Depot  
  47  6:22  Marine  
  47  6:27  Barracks Tech Lab  
  47  6:29  Stabilizer Medpacks  
  49  6:32  Marine  
  49  6:33  Terran Infantry Weapons Level 1  
  50  6:47  Marine  
  50  6:57  Marine  
  50  7:07  Command Center  
  51  8:17  Refinery  
  51  8:23  Missile Turret  
  51  8:27  Refinery  
  51  8:52  Missile Turret  
  51  9:20  Missile Turret  
  51  9:50  Missile Turret  
  51  9:52  SCV  
  52  10:09  SCV  
  53  10:20  Missile Turret  
  53  10:26  SCV  
  53  10:29  Factory  
  54  10:35  Supply Depot x2  
  54  10:37  Supply Depot x2  
  54  10:39  Supply Depot  
  54  10:40  Supply Depot  
  54  10:43  SCV, Supply Depot  
  54  10:45  Supply Depot  
  55  10:50  Missile Turret  
  55  11:00  SCV  
  55  11:05  Marine x2  
  58  11:15  Marine x2  
  58  11:17  SCV  
  61  11:34  SCV  
  62  11:51  SCV  
  63  12:07  SCV  
  64  12:20  Starport  
  64  12:24  SCV  
  64  12:26  SCV  
  66  12:41  SCV  
  66  12:43  SCV  
  68  12:58  SCV  
  79  13:00  SCV  
  70  13:15  SCV  
  70  13:16  SCV  
  72  13:32  SCV  
  72  13:33  SCV  
  73  14:09  Marine  
  72  14:10  Marine  
  73  14:20  Marine x2  
  75  14:30  Marine x2  
  77  14:40  Marine  
  77  15:11  Armory  
  77  15:20  Fusion Core  
  77  15:27  Starport Tech Lab  
  77  15:31  Starport  
  77  16:05  Orbital Command  
  77  16:22  Advanced Optics  
  77  16:38  Starport Tech Lab  
  77  16:40  Unknown  
  77  16:45  Starport  
  77  16:55  Supply Depot  
  77  16:56  Supply Depot  
  77  16:58  Supply Depot  
  77  17:00  Supply Depot  
  77  17:02  Supply Depot  
  77  17:03  Supply Depot  
  77  17:06  Supply Depot  
  77  17:08  Supply Depot x2  
  77  17:11  Weapon Refit, Supply Depot  
  77  17:12  Battlecruiser  
  77  17:14  Battlecruiser  
  89  17:39  Starport Tech Lab  
  89  17:55  Battlecruiser  
  89  17:56  Battlecruiser  
  101  18:04  Battlecruiser  
  107  18:22  Afterburners  
  107  18:38  Battlecruiser  
  107  18:39  Battlecruiser  
  119  19:22  Terran Vehicle and Ship Weapons Level 1  
  119  19:26  Medic x2  
  123  19:36  Medic x2  
  127  19:46  Medic x2  
  131  19:56  Medic x2  
  135  20:35  Battlecruiser  
  135  20:36  Battlecruiser  
  135  20:37  Battlecruiser  
  153  21:18  Battlecruiser  
  153  21:19  Battlecruiser  
  165  22:02  Terran Vehicle And Ship Armor Level 1  
  165  22:48  Battlecruiser  
  165  22:49  Battlecruiser x2  
  183  23:31  Battlecruiser x2  
  195  24:42  Terran Vehicle and Ship Weapons Level 2  
Tags
 
Add a new tag
Caveats
  • Supply blocks, unpowered buildings, or Contaminate may cause inaccurate times.
  • Supply counts are checked every 10 seconds.